 Dungeon Crawl Stone Soup version 0.17-a0-1421-g95311d7 (webtiles) character file.

1187 Fluffy the Agent of Entropy (level 8, -1/61 HPs)
             Began as a Demonspawn Abyssal Knight on June 24, 2015.
             Was a Priest of Lugonu.
             Shot with a sling bullet by Joseph (2 damage)
             ... on level 7 of the Dungeon.
             The game lasted 00:17:13 (7034 turns).

Fluffy the Agent of Entropy (DsAK)                  Turns: 7034, Time: 00:17:13

Health: -1/61      AC: 14    Str: 15    XL:     8   Next: 19%
Magic:  14/14      EV:  6    Int: 13    God:    Lugonu [***...]
Gold:   415        SH:  0    Dex: 13    Spells: 0 memorised, 7 levels left

rFire  + + .     SeeInvis .     a - +2 falchion
rCold  . . .     Clarity  .     j - +1 chain mail {rF+}
rNeg   . . .     SustAt   .     (no shield)
rPois  .         Gourm    .     y - +1 hat
rElec  .         Spirit   .     (no cloak)
rCorr  .         Warding  .     (no gloves)
rMut   .         Stasis   .     D - +2 pair of boots
MR     +....                    (no amulet)
Stlth  ..........               q - ring of protection from magic
                                i - ring of protection from fire

@: short of breath, somewhat resistant to hostile enchantments, extremely
unstealthy
A: claws 2, hooves 1, horns 2, nightstalker 1, spit poison 1
a: Spit Poison, Depart the Abyss, Bend Space, Banish, Renounce Religion


You were on level 7 of the Dungeon.
You worshipped Lugonu.
Lugonu was most pleased with you.
You were not hungry.

You visited 1 branch of the dungeon, and saw 7 of its levels.
You visited the Abyss 1 time.

You collected 415 gold pieces.

Inventory:

Hand weapons
 a - a +2 falchion (weapon)
Armour
 j - a +1 chain mail of fire resistance (worn)
 y - a +1 hat (worn)
 D - a +2 pair of boots (worn)
Jewellery
 i - a ring of protection from fire (left claw)
 o - an uncursed ring of fire
 q - a ring of protection from magic (right claw)
 C - an uncursed ring of sustain attributes
Magical devices
 x - a wand of confusion (31)
Scrolls
 f - 7 scrolls of remove curse
 h - a scroll of blinking
 l - 2 scrolls of recharging
 n - 3 scrolls of amnesia
 r - 2 scrolls of magic mapping
Potions
 d - 3 potions of curing
 e - a potion of agility
 g - a potion of flight
 k - a potion of brilliance
 m - a potion of haste
 p - a potion of magic {unknown}
 v - 2 potions of heal wounds {unknown}
 w - a potion of mutation {unknown}
 z - a potion of might {unknown}
 A - 2 potions of degeneration {unknown}
Comestibles
 c - 5 bread rations
 s - 3 meat rations
 t - 2 fruits
 u - 5 beef jerkies
 B - a slice of pizza


   Skills:
 + Level 4.8 Fighting
 + Level 5.3 Long Blades
 + Level 3.9 Armour
 - Level 0.8 Dodging
 + Level 8.1 Invocations


You had 7 spell levels left.
You didn't know any spells.

Dungeon Overview and Level Annotations

Branches:
Dungeon (7/15)             Temple (0/1) D:6

Altars:

Annotations:
D:7 Joseph


Innate Abilities, Weirdness & Mutations

You have very sharp fingernails.
You have large cloven feet.
You have a pair of horns on your head.
You are slightly more attuned to the shadows.
You can spit weak poison.


Message History

The hound stops to sniff the ground.
The hound bites you but does no damage. The hound barely misses you.
Use which ability? (? or * to list)
Press: ? - help, Shift-Dir - straight line, f/p - hound
Aim: a hound (heavily wounded)
The splash of poison misses the hound.
The splash of poison hits the quokka skeleton.
The quokka skeleton completely resists.
You feel slightly more hungry.
The hound bites you but does no damage. x2
Joseph, a Mercenary comes into view.
He is wielding a quarterstaff.
Joseph shouts!
The hound bites you but does no damage.
Joseph unwields an uncursed quarterstaff.
Joseph wields a hunting sling.
Joseph shoots a sling bullet.
The sling bullet hits you!
* * * LOW HITPOINT WARNING * * *
The hound bites you but does no damage.
Joseph shoots a sling bullet.
The sling bullet hits you.
You die...

#.##..# ## #....### #.#
#.###.# ##.....## ###.#
#.....# ##........
#...###....####.......##
####.......##.......####
##........O......(.###
##.......Z.####...#..#.
##................###...
#....<.@h....##..## ##.#
#######.....####.# #..
##....# #.## ##.. #..#@#
##.###..# #..###.#
#.#..#.. ..## ..
#...###. .# .......#####
#...#.......
#(.##...####


You could see Joseph, an ogre, a hound and a quokka skeleton.

Vanquished Creatures
  Edmund (D:5)
  An ice beast (D:7)
  A centaur (D:6)
  4 ogres
  A giant frog (D:6)
  A giant frog zombie (D:5)
  2 crimson imps (D:6)
  A hound (D:7)
  4 worker ants
  A worker ant zombie (D:6)
  3 gnolls (D:7)
  10 adders
  2 oozes
  An adder zombie (D:6)
  An adder skeleton (D:4)
  3 worms
  4 orcs
  2 giant cockroaches (D:2)
  8 goblins
  9 hobgoblins
  6 jackals
  17 kobolds
  A ball python (D:3)
  15 bats
  A giant gecko zombie (D:6)
  2 giant newts
  A quokka (D:2)
  8 rats
111 creatures vanquished.

Notes
Turn   | Place    | Note
--------------------------------------------------------------
     0 | Abyss:1  | Fluffy the Demonspawn Abyssal Knight began the quest for the Orb.
     0 | Abyss:1  | Reached XP level 1. HP: 18/18 MP: 2/2
    55 | Abyss:1  | Noticed an orange demon
    65 | Abyss:1  | Noticed a spatial vortex
    74 | Abyss:1  | Noticed a spatial vortex
    76 | D:1      | Escaped the Abyss
   317 | D:1      | Acquired Lugonu's first power
   317 | D:1      | Gained mutation: You have sharp fingernails. [demonic ancestry]
   317 | D:1      | Reached XP level 2. HP: 24/24 MP: 2/4
   693 | D:2      | Gained mutation: You have a pair of small horns on your head. [demonic ancestry]
   693 | D:2      | Reached XP level 3. HP: 27/29 MP: 5/5
   978 | D:2      | Reached skill level 4 in Invocations
  1338 | D:2      | Gained mutation: You have very sharp fingernails. [demonic ancestry]
  1338 | D:2      | Reached XP level 4. HP: 27/35 MP: 7/7
  1741 | D:3      | Acquired Lugonu's second power
  2608 | D:4      | Noticed an ogre
  2612 | D:4      | Got a twisted ring mail
  2627 | D:3      | Identified the cursed +1 ring mail of Monotheism {SInv} (You found it on level 4 of the Dungeon)
  2677 | D:4      | Reached skill level 5 in Invocations
  2770 | D:4      | Killed an ogre
  2770 | D:4      | Gained mutation: You are slightly more attuned to the shadows. [demonic ancestry]
  2770 | D:4      | Reached XP level 5. HP: 25/41 MP: 7/9
  3139 | D:4      | Gained mutation: You can spit weak poison. [potion of beneficial mutation]
  3259 | D:4      | Reached skill level 6 in Invocations
  3367 | D:4      | Gained mutation: You have a pair of horns on your head. [demonic ancestry]
  3367 | D:4      | Reached XP level 6. HP: 47/47 MP: 10/10
  3415 | D:5      | Entered Level 5 of the Dungeon
  3712 | D:5      | Acquired Lugonu's third power
  4000 | D:5      | Noticed Edmund
  4331 | D:5      | Killed Edmund
  4331 | D:5      | Reached XP level 7. HP: 9/53 MP: 2/12
  5184 | D:6      | Reached skill level 7 in Invocations
  5561 | D:6      | Reached skill level 5 in Long Blades
  5837 | D:6      | Found a staircase to the Ecumenical Temple.
  6521 | D:7      | Gained mutation: You have large cloven feet. [demonic ancestry]
  6521 | D:7      | Reached XP level 8. HP: 54/61 MP: 13/13
  6884 | D:7      | Reached skill level 8 in Invocations
  7003 | D:7      | HP: 3/61 [spatial distortion (3)]
  7010 | D:7      | HP: 2/61 [hound (2)]
  7016 | D:7      | HP: 2/61 [hound (2)]
  7032 | D:7      | Noticed Joseph
  7033 | D:7      | HP: 1/61 [Joseph/sling bullet (9)]
  7034 | D:7      | Shot with a sling bullet by Joseph

Vault maps used:
D:1:      onia_arrival_mini_spirals
D:2:      first_bread, minmay_unequal
D:3:      corexii_shack_village
D:4:      serial_curves, eino_curves_01, eino_curves_04, eino_curves_03
D:5:      uniq_edmund
D:6:      minmay_temple_entry_enclosed_plants
D:7:      uniq_joseph

Action                   |  1- 3 |  4- 6 |  7- 9 || total
-------------------------+-------+-------+-------++-------
Melee: Falchion          |   113 |   226 |   149 ||   488
Invok: Depart the Abyss  |     1 |       |       ||     1
       Bend Space        |       |     3 |     3 ||     6
 Abil: Spit Poison       |       |     7 |     8 ||    15
  Use: Scroll            |       |    12 |     3 ||    15
       Potion            |       |     1 |     1 ||     2
 Stab: Sleeping          |       |     1 |       ||     1
  Eat: Chunk             |     2 |     9 |    10 ||    21
